 Dungeon Sprint DCSS version 0.29-a0-997-gf6f7e2dfe7 (webtiles) character file.

Game seed: 5784324201857696708

7 123456 the Trooper (level 1, 0/22 HPs)
             Began as a Minotaur Fighter on Aug 4, 2022.
             Slain by an ogre
             ... wielding a +0 giant spiked club
              (22 damage)
             ... in the Dungeon (Sprint IX: "|||||||||||||||||||||||||||||").
             The game lasted 00:00:07 (53 turns).

123456 the Trooper (Minotaur Fighter)                 Turns: 53, Time: 00:00:07

Health: 0/22       AC:  7    Str: 20    XL:     1   Next: 91%
Magic:  0/0        EV:  9    Int:  5    God:
Gold:   0          SH:  4    Dex:  9    Spells: 0/0 levels left

rFire   . . .      SeeInvis .   a - +0 flail
rCold   . . .      Faith    .   c - +0 buckler
rNeg    . . .      Spirit   .   b - +0 scale mail
rPois   .          Reflect  .   (helmet restricted)
rElec   .          Harm     .   (no cloak)
rCorr   .          Rampage  .   (no gloves)
Will    .....      NoTele   +   (no boots)
Stlth   ..........              (no amulet)
HPRegen 0.07/turn               (no ring)
MPRegen 0.07/turn               (no ring)

@: no status effects
A: horns 2, retaliatory headbutt
a: no special abilities


You were in the Dungeon.
You visited 1 branch

Inventory:

Hand Weapons
 a - a +0 flail (weapon)
Armour
 b - a +0 scale mail (worn)
 c - a +0 buckler (worn)
Scrolls
 j - a scroll of blinking
Potions
 d - a potion of might
 e - a potion of curing
 f - a potion of heal wounds
 g - a potion of haste
 h - 2 potions of magic
 i - a potion of berserk rage


   Skills:
 * Level 4.5 Fighting
 * Level 3.6 Maces & Flails
 + Level 4.0 Armour
 + Level 1.4 Dodging
 - Level 3.6 Shields


You couldn't memorise any spells.
You didn't know any spells.
Your spell library was empty.

Dungeon Overview and Level Annotations

Branches:
Dungeon (1/1)

Altars:


Innate Abilities, Weirdness & Mutations

You have a pair of horns on your head.
You reflexively headbutt those who attack you in melee.


Message History

The dart slug bites you but does no damage.
You sock the dart slug!
You kill the dart slug!
The giant cockroach barely misses you. You furiously retaliate!
You headbutt the giant cockroach.
You kill the giant cockroach!
Your Fighting skill increases to level 4!
Your Maces & Flails skill increases to level 3!
Your Dodging skill increases to level 1!
Unknown command.
The kobold hits you with a +0 club.
You see here a dart slug corpse.
You closely miss the kobold. The kobold hits you but does no damage.
The kobold hits you with a +0 club.
You barely miss the kobold. The kobold hits you but does no damage.
You sock the kobold!
You kill the kobold!
The giant cockroach bites you but does no damage.
Your Armour skill increases to level 4!
You sock the giant cockroach!
You kill the giant cockroach!
No target in view!
No target in view!
HP restored.
Things that are here:
a +0 club; a giant cockroach corpse; a kobold corpse You open the door.
A jelly, a phantom, an iguana, a black bear and an ogre come into view.
The jelly quivers.
The iguana hisses angrily.
The black bear growls angrily.
The ogre shouts!
There are monsters nearby!
You barely miss the ogre. You block the ogre's attack.
You sock the ogre!
The ogre is moderately wounded.
You block the ogre's attack.
You hit the ogre. You headbutt the ogre.
The ogre is severely wounded.
The ogre hits you with a +0 giant spiked club!!
Ouch! That really hurt!
You die...

▓+▓
▓.▓
▓J▓
▓W▓
▓l▓
▓h▓
▓O▓
▓@▓
▓.▓
▓.▓
▓)▓
▓†▓
▓†▓
▓.▓
▓.▓
▓.▓


You could see a black bear, an ogre, a phantom, an iguana and a jelly.

Vanquished Creatures
  A dart slug (D)
  2 giant cockroaches (D)
  A kobold (D)
  A frilled lizard (D)
5 creatures vanquished.

Notes
Turn   | Place    | Note
-------+----------+-------------------------------------------
     0 | D        | 123456 the Minotaur Fighter began the quest for the Orb.
     0 | D        | Reached XP level 1. HP: 19/19 MP: 0/0
     8 | D        | Reached skill level 1 in Dodging
    50 | D        | Noticed a jelly
    50 | D        | Noticed a phantom
    50 | D        | Noticed an iguana
    50 | D        | Noticed a black bear
    50 | D        | Noticed an ogre
    53 | D        | Slain by an ogre

Illustrated notes

Levels and vault maps discovered:
D:        linesprint [early_d, line_temple, items_1, d_10, items_2, lair_1,
          lair_end, items_3, orc_1, orc_end, items_4, d_15, swamp_1, shoals_1,
          snake_1, spider_1, d_20, vaults_1, items_5, swamp_end, shoals_end,
          snake_end, spider_end, vaults_end, d_27, items_6, zot_1, zot_end,
          crypt_end, forest_end, elf_end, slime_end, tomb_end, abyss_end,
          pan_hell_end]

Skill      XL: |  1 |
---------------+----+-----
Fighting       | 4 |  4.5
Maces & Flails | 3 |  3.6
Dodging        | 1 |  1.4
Armour         | 4 |  4.0
Shields        | |  3.6

Action                   || total
-------------------------++-------
Melee: Flail             ||    10
       Headbutt          ||     1
Armor: Scale mail        ||     4
Dodge: Dodged            ||     2
Block: Buckler           ||     2

Table legend: (Time is in decaauts)
 A = Elapsed time spent in this place.
 B = Non-inter-level travel time spent in this place.
 C = Inter-level travel time spent in this place.
 D = Time resting spent in this place.
 E = Time spent auto-exploring this place.
 F = Levels seen in this place.
 G = Mean time per level.
                   A        B        C        D        E       F      G
               +--------+--------+--------+--------+--------+-----+--------+
         Total |     55 |     55 |      0 |      0 |     40 |   1 |   55.0 |
       Dungeon |     55 |     55 |      0 |      0 |     40 |   1 |   55.0 |
               +--------+--------+--------+--------+--------+-----+--------+

Top non-repeatable levels by time:
       D: 55 daAuts
